 Dungeon Crawl Stone Soup version 0.28.0-53-g5a82cb258f (webtiles) character file.

Game seed: 4974747933648482342

73 pkoi the Conjurer (level 3, 0/26 HPs)
             Began as a Demigod Hedge Wizard on June 1, 2022.
             Killed by nerve-wracking pain
             ... invoked by Grinder
              (14 damage)
             ... on level 3 of the Dungeon.
             The game lasted 00:04:03 (3909 turns).

pkoi the Conjurer (Demigod Hedge Wizard)            Turns: 3909, Time: 00:04:03

Health: 0/26       AC:  2    Str: 11    XL:     3   Next: 83%
Magic:  10/10      EV: 12    Int: 20    God:
Gold:   145        SH:  0    Dex: 19    Spells: 2/8 levels left

rFire   . . .      SeeInvis .   e - staff of poison
rCold   + . .      Faith    .   (no shield)
rNeg    . . .      Spirit   .   b - +0 robe
rPois   +          Reflect  .   c - +0 hat
rElec   .          Harm     .   (no cloak)
rCorr   .          Rampage  .   (no gloves)
Will    .....                   (no boots)
Stlth   ++........              (no amulet)
HPRegen 0.08/turn               h - ring of protection from cold
MPRegen 0.12/turn               f - +6 ring of dexterity

@: no status effects
A: high MP 1, forlorn, divine attributes
a: no special abilities


You were on level 3 of the Dungeon.
You visited 1 branch of the dungeon, and saw 3 of its levels.

You collected 145 gold pieces.

Inventory:

Hand Weapons
 a - a +1 dagger
 d - a +0 short sword
 l - a +3 dagger of flaming
Armour
 b - a +0 robe (worn)
 c - a +0 hat (worn)
Magical Staves
 e - a staff of poison (weapon)
Jewellery
 f - a +6 ring of dexterity (right hand)
 h - a ring of protection from cold (left hand)
Scrolls
 g - 2 scrolls of fear
 k - a scroll of identify
Potions
 i - a potion of invisibility
 j - a potion of mutation {unknown}


   Skills:
 - Level 1.7 Dodging
 - Level 1.7 Stealth
 - Level 3.0 Spellcasting
 * Level 3.3 Conjurations
 - Level 0.8 Summonings
 - Level 0.8 Translocations
 + Level 0.0 Air Magic
 + Level 0.0 Poison Magic


You had 2 spell levels left.
You knew the following spells:

 Your Spells              Type           Power      Damage    Failure   Level
a - Magic Dart            Conj           64%        1d6       3%          1
b - Blink                 Tloc           12%        N/A       16%         2
c - Mephitic Cloud        Conj/Pois/Air  11%        N/A       26%         3

Your spell library contained the following spells:

 Spells                   Type           Power      Damage    Failure   Level
 Animate Skeleton         Necr           6%         N/A       14%         1
 Pain                     Necr           12%        1d4       14%         1
 Slow                     Hex            12%        N/A       14%         1
 Call Imp                 Summ           6%         N/A       16%         2
 Conjure Flame            Conj/Fire      9%         6-21      22%         3
 Vampiric Draining        Necr           3%         2d6       38%         3


Dungeon Overview and Level Annotations

Branches:
Dungeon (3/15)

Annotations:
D:3 Grinder


Innate Abilities, Weirdness & Mutations

You have an increased reservoir of magic. (+10% MP)
You shall have no god before yourself.
Your divine heritage dramatically boosts your attributes as you level up.


Message History

There is an open door here.
You now have 145 gold pieces (gained 14).
A ball python comes into view.
A ball python is nearby!
A ball python is nearby!
A ball python is nearby!
The magic dart hits the ball python.
You kill the ball python!
You can't see any susceptible monsters within range! (Use Z to cast anyway.)
You can't see any susceptible monsters within range! (Use Z to cast anyway.)
You can't see any susceptible monsters within range! (Use Z to cast anyway.)
Found a stone staircase leading down.
Grinder comes into view.
Grinder shouts!
Grinder blinks!
Grinder is nearby!
Casting: Magic Dart (safe; 3% risk of failure)
Confirm with . or Enter, or press ? or * to list all spells.
You blink.
Grinder hits you but does no damage.
Unknown command.
Unknown command.
Grinder gestures at you. You resist with significant effort.
You feel stable enough to blink again. Grinder gestures at you.
Pain shoots through your body!
There is an open door here.
You see here 12 bolts.
Grinder says, "Wait up."
Grinder blinks!
Found a blackened sapphire amulet.
Grinder says, "Wait up."
Grinder gestures at you. Pain shoots through your body!
* * * LOW HITPOINT WARNING * * *
Grinder says, "Tell me all your secrets, or I'll kill you."
Grinder gestures at you. Pain shoots through your body!
Ouch! That really hurt!
You die...

.........(#........)#
#####'#####.#.#####.# ......#
#.#.....).. .# ####..# #
#..####.# .# #...# #<.# #" .#
##.[#####.##.# ##.### .#
#.>...... ... ....###.#
#..#####.#########..##.# #..#
#.....@..5......#
#..################.#..#####.
#............................
#############.#####.#..##.##.
#.# #.#.>##.# #.# #.#..##.#
#.#####.#..##.#
#..........##'##
#######...#(...#


You could see Grinder.

Vanquished Creatures
  2 dart slugs (D:2)
  4 bats (D:1)
  7 endoplasms
  5 giant cockroaches
  7 hobgoblins
  4 jackals (D:1)
  2 quokkas (D:1)
  11 ball pythons
  4 frilled lizards
  5 goblins
  4 kobolds
  7 rats
62 creatures vanquished.

Notes
Turn   | Place    | Note
-------+----------+-------------------------------------------
     0 | D:1      | pkoi the Demigod Hedge Wizard began the quest for the Orb.
     0 | D:1      | Reached XP level 1. HP: 14/14 MP: 6/6
    57 | D:1      | Reached skill level 1 in Conjurations
   793 | D:1      | Reached XP level 2. HP: 20/20 MP: 4/8
   930 | D:1      | Learned a level 2 spell: Blink
  2141 | D:1      | Reached XP level 3. HP: 26/26 MP: 8/10
  3756 | D:3      | Learned a level 3 spell: Mephitic Cloud
  3879 | D:3      | Noticed Grinder
  3909 | D:3      | Killed from afar by Grinder

Illustrated notes

Levels and vault maps discovered:
D:1:      dpeg_arrival_tiny_h, layout_basic,
          chequers_ecumenical_altar_simple_redux, minmay_indecisive_spiral
D:2:      layout_rooms
D:3:      layout_basic, kennysheep_generic_room_12, uniq_ijyb, uniq_grinder

Skill      XL: |  1  2  3 |
---------------+----------+-----
Conjurations   | 2 3 |  3.3
Spellcasting   | 3 |  3.0
Dodging        | |  1.7
Stealth        | |  1.7
Summonings     | |  0.8
Translocations | |  0.8

Action                   || total
-------------------------++-------
Melee: Dagger            ||    30
 Cast: Magic Dart        ||   141
       Blink             ||     1
  Use: Scroll            ||     6
Armor: Robe              ||     8
Dodge: Dodged            ||    39
